 Dungeon Crawl Stone Soup version 0.31-a0-161-gb58dd9be76 (webtiles) character file.

Game seed: 15184651313251833216

2070 pokeman the Thaumaturge (level 9, 0/48 HPs)
             Began as a Deep Elf Hedge Wizard on June 12, 2023.
             Was an Initiate of Vehumet.
             Slain by a vampire mosquito (9 damage)
             ... on level 6 of the Dungeon.
             The game lasted 00:12:48 (6417 turns).

pokeman the Thaumaturge (Deep Elf Hedge Wizard)     Turns: 6417, Time: 00:12:48

Health: 0/48       AC:  4    Str: 13    XL:     9   Next: 5%
Magic:  21/25      EV: 18    Int: 24    God:    Vehumet [......]
Gold:   148        SH:  0    Dex: 14    Spells: 21/29 levels left

rFire   . . .        q - +2 mace (venom)
rCold   . . .        (no shield)
rNeg    . . .        b - +0 robe
rPois   .            c - +0 hat
rElec   .            x - +0 cloak
rCorr   .            (no gloves)
SInv    .            u - +0 pair of boots
Will    .....        z - amulet of magic regeneration
Stlth   ++           e - +5 ring of evasion
HPRegen 0.28/turn    h - +6 ring of strength
MPRegen 0.59/turn

%: no passive effects
@: on blink cooldown
A: no striking features
a: Renounce Religion


You were on level 6 of the Dungeon.
You worshipped Vehumet.
Vehumet was noncommittal.
You visited 2 branches of the dungeon, and saw 7 of its levels.

You collected 324 gold pieces.
You spent 176 gold pieces at shops.

Inventory:

Hand Weapons
 q - a +2 mace of venom (weapon)
 w - a +2 quarterstaff of chaos
Armour
 b - a +0 robe (worn)
 c - a +0 hat (worn)
 t - a +1 buckler of reflection
 u - a +0 pair of boots (worn)
 x - a +0 cloak (worn)
Magical Staves
 m - a staff of earth
Jewellery
 a - a ring of ice
 e - a +5 ring of evasion (left hand)
 g - an amulet of guardian spirit
 h - a +6 ring of strength (right hand)
 z - an amulet of magic regeneration (around neck)
Scrolls
 f - a scroll of revelation {unknown}
 k - 5 scrolls of teleportation {unknown}
 n - a scroll of blinking {unknown}
 o - 7 scrolls of identify {unknown}
 s - 2 scrolls of fear {unknown}
 y - a scroll of noise {unknown}
 A - a scroll of poison {unknown}
Potions
 d - 2 potions of magic
 i - a potion of mutation {unknown}
 j - 3 potions of curing
 l - a potion of attraction {unknown}
 p - a potion of lignification {unknown}
 r - a potion of enlightenment {unknown}
 B - a potion of invisibility {unknown}


   Skills:
 + Level 1.6 Fighting
 - Level 2.1 Armour
 - Level 3.0 Dodging
 - Level 3.0 Stealth
 - Level 2.0 Shields
 * Level 10.8 Spellcasting
 + Level 5.9 Conjurations
 - Level 1.1 Summonings
 - Level 1.1 Translocations
 - Level 1.2 Air Magic
 + Level 4.5 Earth Magic
 - Level 1.0 Poison Magic
 - Level 2.0 Evocations


You had 21 spell levels left.
You knew the following spells:

 Your Spells              Type           Power      Damage    Failure   Level
a - Magic Dart            Conj           100%       1d8       1%          1
b - Mephitic Cloud        Conj/Pois/Air  26%        N/A       4%          3
c - Call Imp              Summ           36%        N/A       4%          2
d - Blink                 Tloc           36%        N/A       4%          2

Your spell library contained the following spells:

 Spells                   Type           Power      Damage    Failure   Level
 Kiss of Death            Conj/Necr      100%       2d13      1%          1
 Summon Small Mammal      Summ           72%        N/A       3%          1
 Slow                     Hex            48%        N/A       4%          1
 Sting                    Tmut/Pois      60%        1d6       4%          1
 Poisonous Vapours        Pois/Air       36%        N/A       4%          2
 Cigotuvi's Dreadful Rot  Necr/Pois/Air  32%        N/A       5%          2
 Call Canine Familiar     Summ           18%        N/A       10%         3
 Portal Projectile        Hex/Tloc       30%        N/A       12%         3
 Summon Guardian Golem    Hex/Summ       15%        N/A       12%         3
 Confusing Touch          Hex            12%        N/A       14%         3
 Tukima's Dance           Hex            12%        N/A       14%         3
 Manifold Assault         Tloc           18%        N/A       30%         4
 Olgreb's Toxic Radiance  Pois           18%        N/A       30%         4
 Dispel Undead            Necr           12%        3d9       43%         4
 Blade Hands              Tmut           6%         N/A       80%         5
 Dispersal                Tloc           9%         N/A       99%         6
 Disjunction              Tloc           9%         N/A       100%        8


Dungeon Overview and Level Annotations

Branches:
Dungeon (6/15)             Temple (1/1) D:5

Altars:
Ashenzari
Cheibriados
Kikubaaqudgha
Makhleb
Uskayaw
Vehumet
Yredelemnul
Zin
The Shining One

Shops:
D:4 !


Message History

The vampire mosquito closely misses you.
The vampire mosquito barely misses you.
Unknown command.
Casting: Magic Dart (safe; 1% risk of failure)
Confirm with . or Enter, or press ? or * to list all spells.
Aiming: Magic Dart (safe; 1% risk of failure)
Press: ? - help, Shift-Dir - straight line, f/p - vampire mosquito
Aim: a vampire mosquito (100% to hit)
The magic dart hits the vampire mosquito.
The vampire mosquito is lightly damaged.
The vampire mosquito closely misses you.
Unknown command.
Casting: Magic Dart (safe; 1% risk of failure)
Confirm with . or Enter, or press ? or * to list all spells.
Aiming: Magic Dart (safe; 1% risk of failure)
Press: ? - help, Shift-Dir - straight line, f/p - vampire mosquito
Aim: a vampire mosquito (lightly damaged, 100% to hit)
The magic dart hits the vampire mosquito.
The vampire mosquito is moderately damaged.
The vampire mosquito closely misses you.
The vampire mosquito bites you.
* * * LOW HITPOINT WARNING * * *
The vampire mosquito draws strength from your injuries!
Casting: Magic Dart (safe; 1% risk of failure)
Confirm with . or Enter, or press ? or * to list all spells.
Aiming: Magic Dart (safe; 1% risk of failure)
Press: ? - help, Shift-Dir - straight line, f/p - vampire mosquito
Aim: a vampire mosquito (lightly damaged, 100% to hit)
The magic dart hits the vampire mosquito but does no damage.
The vampire mosquito is lightly damaged.
The vampire mosquito barely misses you. The vampire mosquito misses you.
Unknown command.
Casting: Magic Dart (safe; 1% risk of failure)
Confirm with . or Enter, or press ? or * to list all spells.
You blink.
Casting: Blink (safe; 4% risk of failure)
Confirm with . or Enter, or press ? or * to list all spells.
A tiny devil pulls itself out of the air.
You swap places.
The vampire mosquito bites you!
You die...

##.).## #.........#
##)## #######.###
#.# #.# #.# #.#
##.## #ยง# ##...##
#.# #.....### #y#
##......########y#
####.#..........@5#
...#.#...##########
##......## ###.####
#.# #.# #.# #.# #.#


You could see 2 vampire mosquitoes and a friendly cerulean imp (summoned).

Vanquished Creatures
  Prince Ribbit (D:5)
  A wyvern (D:4)
  Edmund (D:5)
  Duvessa (D:5)
  A water moccasin (D:5)
  A black bear (D:4)
  2 ogres (D:4)
  A centaur (D:6)
  5 scorpions
  Dowan (D:5)
  A jelly (D:5)
  Crazy Yiuf (D:4)
  3 orc priests
  5 hounds
  2 sleepcaps
  Natasha (thrice) (D:2)
  6 iguanas
  A gnoll (D:1)
  3 adders
  A shadow imp (D:6)
  A worm (D:4)
  A dart slug (D:3)
  18 orcs
  8 bats
  10 endoplasms
  3 giant cockroaches
  8 goblins
  9 hobgoblins
  3 jackals (D:5)
  4 quokkas
  6 ball pythons
  6 frilled lizards
  5 kobolds
  8 rats
131 creatures vanquished.

Notes
Turn   | Place    | Note
-------+----------+-------------------------------------------
     0 | D:1      | pokeman the Deep Elf Hedge Wizard began the quest for the
                  | Orb.
     0 | D:1      | Reached XP level 1. HP: 10/10 MP: 7/7
   225 | D:1      | Reached XP level 2. HP: 16/16 MP: 2/9
   546 | D:1      | Reached skill level 5 in Spellcasting
   821 | D:1      | Reached XP level 3. HP: 20/20 MP: 2/11
  1656 | D:2      | Reached skill level 1 in Fighting
  1656 | D:2      | Reached skill level 1 in Armour
  2132 | D:2      | Noticed Natasha
  2136 | D:2      | Reached XP level 4. HP: 25/25 MP: 9/13
  2164 | D:1      | Learned a level 3 spell: Mephitic Cloud
  2167 | D:1      | Learned a level 2 spell: Call Imp
  2170 | D:1      | Learned a level 2 spell: Blink
  2219 | D:2      | Killed Natasha
  2360 | D:2      | Noticed Natasha
  2366 | D:2      | Killed Natasha
  2433 | D:2      | Noticed Natasha
  2440 | D:2      | Killed Natasha
  2441 | D:2      | Reached skill level 6 in Spellcasting
  2441 | D:2      | Reached XP level 5. HP: 25/29 MP: 4/15
  3525 | D:3      | Found a hide-covered altar of Uskayaw.
  3587 | D:4      | Reached skill level 1 in Poison Magic
  3703 | D:4      | Reached skill level 1 in Air Magic
  3703 | D:4      | Reached XP level 6. HP: 34/34 MP: 3/17
  4069 | D:4      | Noticed a wyvern
  4074 | D:4      | Killed a wyvern
  4075 | D:4      | Reached skill level 7 in Spellcasting
  4075 | D:4      | Reached skill level 1 in Earth Magic
  4075 | D:4      | Reached skill level 1 in Evocations
  4241 | D:4      | Reached XP level 7. HP: 15/38 MP: 14/20
  4580 | D:4      | Found Naxkex's Distillery.
  4588 | D:4      | Bought a potion of magic for 88 gold pieces
  4588 | D:4      | Bought a potion of heal wounds for 55 gold pieces
  4588 | D:4      | Bought a potion of curing for 33 gold pieces
  4600 | D:4      | Reached skill level 1 in Shields
  4600 | D:4      | Reached skill level 8 in Spellcasting
  4665 | D:4      | Found an ancient bone altar of Kikubaaqudgha.
  5091 | D:4      | Found a runed translucent door.
  5092 | D:4      | Noticed Crazy Yiuf
  5102 | D:4      | Killed Crazy Yiuf
  5155 | D:5      | Entered Level 5 of the Dungeon
  5180 | D:5      | Noticed Duvessa
  5203 | D:5      | Killed Duvessa
  5204 | D:5      | Reached XP level 8. HP: 11/43 MP: 17/22
  5338 | D:5      | Noticed Edmund
  5361 | D:5      | Killed Edmund
  5362 | D:5      | Reached skill level 9 in Spellcasting
  5620 | D:5      | Reached skill level 5 in Conjurations
  5620 | D:5      | Noticed Dowan
  5637 | D:5      | Killed Dowan
  5666 | D:5      | Found a staircase to the Ecumenical Temple.
  5675 | Temple   | Entered the Ecumenical Temple
  5695 | Temple   | Became a worshipper of Vehumet
  5888 | D:5      | Noticed Prince Ribbit
  5905 | D:5      | Killed Prince Ribbit
  5906 | D:5      | Reached skill level 10 in Spellcasting
  6362 | D:6      | Reached XP level 9. HP: 44/47 MP: 19/25
  6388 | D:6      | HP: 2/48 [vampire mosquito (7)]
  6417 | D:6      | Slain by a vampire mosquito

Illustrated notes

Levels and vault maps discovered:
D:1:      spicycebolla_green_bress_n_ham_2, layout_rooms,
          serial_co_window_serial, co_window_corner_a, co_window_corner_a,
          co_window_corner_a, co_window_corner_a, co_window_cross_1,
          co_window_corner_a, co_window_paths_b, co_window_of_opportunity_b,
          co_window_broadway_a, co_window_of_opportunity_b, co_window_cross_4,
          co_window_corner_cb, co_window_unsneaky_path_d, minmay_lizard_pond
D:2:      layout_rooms, uniq_natasha
D:3:      layout_basic, eat_drink_and_be_merry_uskayaw, minmay_pentomino_pile
D:4:      layout_loops_corners, marbit_many_paths, serial_shops, shop,
          serial_park_tiny_pond, uniq_crazy_yiuf_cottage
D:5:      layout_rooms, minmay_temple_entry_antechambers, uniq_prince_ribbit1,
          uniq_duvessa, uniq_edmund
D:6:      layout_loops_corners
Temple:   eino_temple_scatter_basement

Skill      XL: |  1  2  3  4  5  6  7  8 |
---------------+-------------------------+-----
Spellcasting   | 5 6 7 8 10 | 10.8
Fighting       | 1 |  1.6
Armour         | 1 2 |  2.1
Conjurations   | 2 3 4 5 |  5.9
Dodging        | 3 |  3.0
Stealth        | 3 |  3.0
Poison Magic   | 1 |  1.0
Air Magic      | 1 |  1.2
Earth Magic    | 1 2 4 |  4.5
Evocations     | 2 |  2.0
Shields        | 1 2 |  2.0
Summonings     | |  1.1
Translocations | |  1.1

Action                     |  1- 3 |  4- 6 |  7- 9 || total
---------------------------+-------+-------+-------++-------
  Melee: Dagger            |       |     9 |       ||     9
         Mace              |       |     8 |    74 ||    82
   Cast: Magic Dart        |   112 |   118 |   110 ||   340
         Mephitic Cloud    |       |     8 |    18 ||    26
         Call Imp          |       |       |     7 ||     7
         Blink             |       |       |     4 ||     4
    Use: Potion            |       |       |     1 ||     1
   Stab: Confused          |       |     1 |     9 ||    10
         Sleeping          |       |       |     1 ||     1
 Armour: Robe              |     2 |     1 |    10 ||    13
  Dodge: Dodged            |     8 |    31 |    94 ||   133

Table legend: (Time is in decaauts)
 A = Elapsed time spent in this place.
 B = Non-inter-level travel time spent in this place.
 C = Inter-level travel time spent in this place.
 D = Time resting spent in this place.
 E = Time spent auto-exploring this place.
 F = Levels seen in this place.
 G = Mean time per level.
                   A        B        C        D        E       F      G
               +--------+--------+--------+--------+--------+-----+--------+
         Total |   6452 |   6267 |    185 |    316 |   4973 |   7 |  921.7 |
       Dungeon |   6415 |   6246 |    169 |    316 |   4962 |   6 | 1069.2 |
        Temple |     37 |     21 |     16 |      0 |     11 |   1 |   37.0 |
               +--------+--------+--------+--------+--------+-----+--------+

Top non-repeatable levels by time:
     D:4: 1590 daAuts
     D:1: 1517 daAuts
     D:3: 1114 daAuts
     D:5: 948 daAuts
     D:2: 942 daAuts
     D:6: 302 daAuts
  Temple: 37 daAuts
